 Dungeon Crawl Stone Soup version 0.29-a0-330-g52719c12eb (webtiles) character file.

Game seed: 2762022551503898228

22 Crownlay the Grappler (level 2, -1/23 HPs)
             Began as a Gnoll Wanderer on May 24, 2022.
             Slain by a quokka (3 damage)
             ... on level 2 of the Dungeon.
             The game lasted 00:01:37 (947 turns).

Crownlay the Grappler (Gnoll Wanderer)               Turns: 947, Time: 00:01:37

Health: -1/23      AC:  3    Str: 13    XL:     2   Next: 91%
Magic:  2/2        EV: 11    Int: 10    God:
Gold:   5          SH:  0    Dex: 10    Spells: 2/2 levels left

rFire   . . .      SeeInvis .   a - +0 hand crossbow
rCold   . . .      Faith    .   (no shield)
rNeg    . . .      Spirit   .   g - +0 leather armour
rPois   .          Reflect  .   (no helmet)
rElec   .          Harm     .   (no cloak)
rCorr   .          Rampage  .   (no gloves)
Will    .....                   (no boots)
Stlth   +.........              h - amulet of the acrobat
HPRegen 0.07/turn               (no ring)
MPRegen 0.08/turn               (no ring)

@: no status effects
A: fangs 1, strong nose, distributed training
a: no special abilities


You were on level 2 of the Dungeon.
You visited 1 branch of the dungeon, and saw 2 of its levels.

You collected 5 gold pieces.

Inventory:

Hand Weapons
 a - a +0 hand crossbow (weapon)
 e - a +0 dagger
Missiles
 d - 10 boomerangs (quivered)
Armour
 g - a +0 leather armour (worn)
Jewellery
 h - an amulet of the acrobat (around neck)
Scrolls
 b - a scroll of blinking
 k - a scroll of amnesia {unknown}
 l - a scroll of identify {unknown}
 n - a scroll of teleportation {unknown}
 p - a scroll of enchant weapon {unknown}
 q - a scroll of enchant armour {unknown}
Potions
 c - a potion of might
 f - 2 potions of lignification
 i - 2 potions of heal wounds {unknown}
 j - 2 potions of curing {unknown}
 m - 2 potions of attraction {unknown}
 o - a potion of brilliance {unknown}


   Skills:
 + Level 2.5 Fighting
 + Level 0.5 Short Blades
 + Level 0.5 Long Blades
 + Level 0.5 Axes
 + Level 0.5 Maces & Flails
 + Level 0.5 Polearms
 + Level 0.5 Staves
 + Level 0.5 Slings
 + Level 0.5 Bows
 + Level 4.5 Crossbows
 + Level 2.5 Throwing
 + Level 0.5 Armour
 + Level 2.5 Dodging
 + Level 0.5 Stealth
 + Level 0.5 Shields
 + Level 8.5 Unarmed Combat
 + Level 0.5 Spellcasting
 + Level 0.4 Conjurations
 + Level 0.4 Hexes
 + Level 0.4 Summonings
 + Level 0.4 Necromancy
 + Level 0.4 Translocations
 + Level 0.4 Transmutations
 + Level 0.4 Fire Magic
 + Level 0.4 Ice Magic
 + Level 0.4 Air Magic
 + Level 0.4 Earth Magic
 + Level 0.4 Poison Magic
 + Level 0.7 Invocations
 + Level 2.5 Evocations


You had 2 spell levels left.
You didn't know any spells.
Your spell library was empty.

Dungeon Overview and Level Annotations

Branches:
Dungeon (2/15)

Altars:


Innate Abilities, Weirdness & Mutations

You have very sharp teeth.
Your uncanny sense of smell can sniff out nearby items.
Your experience applies equally to all skills.


Message History

The bolt hits the quokka but does no damage.
The quokka bites you. x2
Shoot: a) +0 hand crossbow
Press: ? - help, Shift-Dir - straight line, f/p - quokka
Aim: a quokka (50% to hit)
You shoot a bolt. The bolt completely misses the quokka.
The quokka bites you.
* * * LOW HITPOINT WARNING * * *
Shoot: a) +0 hand crossbow
Press: ? - help, Shift-Dir - straight line, f/p - quokka
Aim: a quokka (50% to hit)
You shoot a bolt. The bolt barely misses the quokka.
The quokka closely misses you. The quokka barely misses you.
Shoot: a) +0 hand crossbow
Press: ? - help, Shift-Dir - straight line, f/p - quokka
Aim: a quokka (50% to hit)
You shoot a bolt. The bolt barely misses the quokka.
The quokka bites you.
* * * LOW HITPOINT WARNING * * *
The quokka closely misses you.
Shoot: a) +0 hand crossbow
Press: ? - help, Shift-Dir - straight line, f/p - quokka
Aim: a quokka (50% to hit)
You shoot a bolt. The bolt barely misses the quokka.
The quokka closely misses you.
Shoot: a) +0 hand crossbow
Press: ? - help, Shift-Dir - straight line, f/p - quokka
Aim: a quokka (50% to hit)
You shoot a bolt. The bolt misses the quokka.
The quokka bites you.
* * * LOW HITPOINT WARNING * * *
The quokka closely misses you.
Shoot: a) +0 hand crossbow
Press: ? - help, Shift-Dir - straight line, f/p - quokka
Aim: a quokka (50% to hit)
You shoot a bolt. The bolt closely misses the quokka.
The quokka bites you.
* * * LOW HITPOINT WARNING * * *
Shoot: a) +0 hand crossbow
Press: ? - help, Shift-Dir - straight line, f/p - quokka
Aim: a quokka (50% to hit)
You shoot a bolt. The bolt misses the quokka.
The quokka barely misses you. The quokka bites you.
You die...

###############
..............#
########.####.#
# #.# #.# # #.#
#.# ########.#
#.# .........#
#.# #.#####..#
#.#####
#........#
#...@.#
#.#####..#
#####r# ..#
#..# .# ###
#..# .# # #..#
.# # #..# .#
#### #..# ..
.... ...# .#
.... ....


You could see a quokka.

Vanquished Creatures
  A dart slug (D:1)
  2 endoplasms (D:1)
  2 giant cockroaches (D:1)
  4 goblins
  2 hobgoblins
  2 kobolds
  4 rats
17 creatures vanquished.

Notes
Turn   | Place    | Note
-------+----------+-------------------------------------------
     0 | D:1      | Crownlay the Gnoll Wanderer began the quest for the Orb.
     0 | D:1      | Crownlay set off with the following items: a +0 hand
                  | crossbow, a scroll of blinking, a potion of might, 10
                  | boomerangs, a +0 dagger, a potion of lignification, a +0
                  | leather armour
     0 | D:1      | Reached XP level 1. HP: 17/17 MP: 1/1
   182 | D:1      | Reached XP level 2. HP: 23/23 MP: 2/2
   508 | D:1      | Found a faded altar of an unknown god.
   947 | D:2      | Slain by a quokka

Illustrated notes

Levels and vault maps discovered:
D:1:      scummos_arrival_simple_fountains, layout_loops_cross,
          hellmonk_ecumenical_altar_zigzags, minmay_misc_feat_enclosed
D:2:      minmay_general_purpose_star, layout_loops_ring,
          kennysheep_generic_room_14

Action                   || total
-------------------------++-------
 Fire: Hand crossbow     ||    60
Armor: Leather armour    ||     3
Dodge: Dodged            ||    18

Table legend: (Time is in decaauts)
 A = Elapsed time spent in this place.
 B = Non-inter-level travel time spent in this place.
 C = Inter-level travel time spent in this place.
 D = Time resting spent in this place.
 E = Time spent auto-exploring this place.
 F = Levels seen in this place.
 G = Mean time per level.
                   A        B        C        D        E       F      G
               +--------+--------+--------+--------+--------+-----+--------+
         Total |    965 |    934 |     31 |      0 |    815 |   2 |  482.5 |
       Dungeon |    965 |    934 |     31 |      0 |    815 |   2 |  482.5 |
               +--------+--------+--------+--------+--------+-----+--------+

Top non-repeatable levels by time:
     D:1: 729 daAuts
     D:2: 236 daAuts
